 Dungeon Crawl Stone Soup version 0.28-a0-1143-gcf6077d4cc (webtiles) character file.

Game seed: 9252123365293360175

39 ytrimaz the Insei (level 3, -5/23 HPs)
             Began as an Octopode Transmuter on Dec 13, 2021.
             Slain by an orc (7 damage)
             ... on level 4 of the Dungeon.
             The game lasted 00:01:44 (1880 turns).

ytrimaz the Insei (Octopode Transmuter)             Turns: 1880, Time: 00:01:45

Health: -5/23      AC:  2    Str:  9    XL:     3   Next: 45%
Magic:  2/6        EV: 19    Int: 17    God:
Gold:   54         SH:  0    Dex: 17    Spells: 0/6 levels left

rFire   . . .      SeeInvis .     - Unarmed
rCold   . . .      Faith    .   (shield currently unavailable)
rNeg    . . .      Spirit   .   (helmet currently unavailable)
rPois   x          Reflect  .   (no amulet)
rElec   .          Harm     .   c - ring of willpower
rCorr   .          Rampage  .   (no ring)
Will    +....                   (no ring)
Stlth   ++........              (no ring)
HPRegen 0.07/turn               (no ring)
MPRegen 0.10/turn               (no ring)
                                (no ring)
                                (no ring)

@: spider-form (expiring), wereblooded
A: venomous fangs, almost no armour, (amphibious), 8 rings, tiny, (camouflage
1), (gelatinous body 1), (nimble swimmer 1), (tentacles)
a: End Transformation


You were on level 4 of the Dungeon.
You were a venomous arachnid creature.
You visited 1 branch of the dungeon, and saw 3 of its levels.

You collected 54 gold pieces.

Inventory:

Jewellery
 c - a ring of willpower (left front leg)
Potions
 a - a potion of attraction {unknown}
 b - a potion of might {unknown}
 d - a potion of haste {unknown}
 e - a potion of lignification {unknown}


   Skills:
 * Level 1.4 Fighting
 * Level 2.1 Dodging
 + Level 3.5 Unarmed Combat
 * Level 2.4 Spellcasting
 * Level 2.3 Transmutations


You couldn't memorise any spells.
You knew the following spells:

 Your Spells              Type           Power      Damage    Failure   Level
a - Beastly Appendage     Tmut           20%        N/A       19%         1
b - Wereblood             Tmut           10%        N/A       26%         2
c - Spider Form           Tmut/Pois      6%         N/A       56%         3

Your spell library contained the following spells:

 Spells                   Type           Power      Damage    Failure   Level
 Ice Form                 Ice/Tmut       6%         N/A       89%         4


Dungeon Overview and Level Annotations

Branches:
Dungeon (2/15)

Altars:
Dithmenos


Innate Abilities, Weirdness & Mutations

You are a venomous arachnid creature.
You have poisonous fangs.
You are tiny and dextrous.
Your spellcasting is less reliable in this form.
Your armour is entirely melded.
You are incapable of wielding weapons or throwing items.
You cannot wear most types of armour.
((You are amphibious.))
You can wear up to eight rings at the same time.
((Your skin changes colour to match your surroundings (Stealth+).))
((Your rubbery body absorbs attacks. (AC +1, EV +1)))
((You are camouflaged near water. (Stealth+)))
((You have tentacles for arms and can constrict up to eight enemies at once.))


Message History

Your transformation is almost over.
You feel a bit better.
You kill the orc!
The orc barely misses you. The orc closely misses you. The ogre misses you.
Unknown command.
You hit the orc.
The orc is poisoned.
The orc is severely wounded.
The orc misses you. The orc closely misses you. The orc misses you.
Unknown command.
You hit the orc.
You feel a bit better.
You kill the orc!
The ogre hits you with a +0 giant club. The orc completely misses you.
The orc barely misses you.
Unknown command.
You hit the ogre.
The ogre is poisoned.
The ogre is lightly wounded.
The orc closely misses you.
The orc hits you from afar with a +0 trident.
* * * LOW HITPOINT WARNING * * *
The ogre misses you.
You bite the ogre!
The ogre looks as sick as possible!
The ogre is heavily wounded.
You hiss as the wereblood boils in your veins!
You hear an angry hiss.
The orc barely misses you.
An adder comes into view.
The orc completely misses you. The orc closely misses you.
The orc hits you with a +0 trident.
* * * LOW HITPOINT WARNING * * *
The ogre closely misses you.
Things that are here:
a +0 dagger; a +0 mace; an orc corpse Unknown command.
You hiss as the wereblood boils in your veins!
The orc barely misses you.
Unknown command.
The orc misses you. The adder completely misses you.
The orc hits you from afar with a +0 trident!
You die...

### #.## ##..##
#....# ##)..# #
#o.O# .. ##.oS###
o.. #..s...###..[.
##............
##.............
#..............
...#.#....[.........
?.$............##...
.....#..............
.....#..........#..
.... #.#......### #


You could see an ogre (very poisoned), an adder and 2 orcs.

Vanquished Creatures
  An adder (D:2)
  3 orcs
  A ball python (D:1)
  3 giant cockroaches
  A goblin (D:1)
  5 hobgoblins
  3 jackals (D:2)
  A bat (D:2)
  A frilled lizard (D:2)
  2 kobolds (D:1)
  3 rats
24 creatures vanquished.

Notes
Turn   | Place    | Note
-------+----------+-------------------------------------------
     0 | D:1      | ytrimaz the Octopode Transmuter began the quest for the
                  | Orb.
     0 | D:1      | Reached XP level 1. HP: 13/13 MP: 3/3
   508 | D:1      | Found a faded altar of an unknown god.
   923 | D:1      | Reached XP level 2. HP: 6/18 MP: 3/5
  1119 | D:1      | Learned a level 2 spell: Wereblood
  1333 | D:2      | Found a shadowy altar of Dithmenos.
  1353 | D:2      | Reached XP level 3. HP: 6/23 MP: 4/6
  1810 | D:2      | Learned a level 3 spell: Spider Form
  1846 | D:2      | You fall into a shaft and drop 2 floors!
  1855 | D:4      | Noticed an ogre
  1880 | D:4      | Slain by an orc

Illustrated notes

Levels and vault maps discovered:
D:1:      wander_arrival_peaceful_grave, layout_basic,
          ebering_ecumenical_altar_sacrificial
D:2:      layout_rooms, basic_altar, minmay_misc_feat_tiny, hex_large,
          kennysheep_nondescript
D:4:      layout_cave_pools, grunt_decor_mini_mirrors

Action                   || total
-------------------------++-------
Melee: Unarmed           ||    56
       Constrict         ||    15
       Kick              ||     8
       Punch             ||     3
       Tentacles         ||     9
 Cast: Beastly Appendage ||    11
       Wereblood         ||     2
       Spider Form       ||     2
  Use: Scroll            ||     2
 Stab: Sleeping          ||     2
Armor: Skin              ||     4
Dodge: Dodged            ||    65

Table legend: (Time is in decaauts)
 A = Elapsed time spent in this place.
 B = Non-inter-level travel time spent in this place.
 C = Inter-level travel time spent in this place.
 D = Time resting spent in this place.
 E = Time spent auto-exploring this place.
 F = Levels seen in this place.
 G = Mean time per level.
                   A        B        C        D        E       F      G
               +--------+--------+--------+--------+--------+-----+--------+
         Total |   1876 |   1864 |     12 |      0 |   1665 |   3 |  625.3 |
       Dungeon |   1876 |   1864 |     12 |      0 |   1665 |   3 |  625.3 |
               +--------+--------+--------+--------+--------+-----+--------+

Top non-repeatable levels by time:
     D:1: 1130 daAuts
     D:2: 712 daAuts
     D:4: 33 daAuts
